| TOP OF THE 1ST |
|
Chicago White Sox batting - Pitching for Toronto Blue Jays : RHP Larry Legros
|
|
Pitching: RHP Larry Legros
|
|
|
Batting: SHB Dan Lash
|
0-0: Ball 1-0: Foul Ball, location: 2F 1-1: Ground out 4-3 (Groundball, 4M, EV 89.4 MPH)
|
|
Batting: RHB Roger Salazar
|
0-0: Ball 1-0: SINGLE (Groundball, 4D, EV 100.6 MPH)
|
|
Batting: LHB Randy Rosenberry
|
0-0: Called Strike 0-1: Ball 1-1: Called Strike 1-2: Foul Ball, location: 2F 1-2: Ball 2-2: Ball Roger Salazar steals 2nd base 3-2: Foul Ball, location: 2F 3-2: Ground out 4-3 (Groundball, 34D, EV 104.4 MPH) Roger Salazar to third
|
|
Batting: LHB Jack Christie
|
0-0: Called Strike 0-1: Ball 1-1: Ball 2-1: Ball 3-1: Called Strike 3-2: Base on Balls
|
|
Batting: LHB Juan Concepcion
|
0-0: Called Strike 0-1: Ball 1-1: Foul Ball, location: 2F 1-2: Ball 2-2: Foul Ball, location: 2F 2-2: Strikes out looking
|
| Top of the 1st over - 0 runs, 1 hit, 0 errors, 2 left on base; Chicago 0 - Toronto 0 |
| BOTTOM OF THE 1ST |
|
Toronto Blue Jays batting - Pitching for Chicago White Sox : RHP Tadatoki Yoshida
|
|
Pitching: RHP Tadatoki Yoshida
|
|
|
Batting: RHB Danny Burnside
|
0-0: Ball 1-0: Called Strike 1-1: Fly out, F2 (Popup, 2LF, EV 95.6 MPH)
|
|
Batting: LHB Michael Byrd
|
0-0: Ball 1-0: Ball 2-0: Fly out, F7 (Flyball, 7D, EV 99.4 MPH)
|
|
Batting: LHB Jody Hudson
|
0-0: Fly out, F7 (Flyball, 7, EV 76.9 MPH)
|
| Bottom of the 1st over - 0 runs, 0 hits, 0 errors, 0 left on base; Chicago 0 - Toronto 0 |
| TOP OF THE 2ND |
|
Chicago White Sox batting - Pitching for Toronto Blue Jays : RHP Larry Legros
|
|
Batting: RHB Steve Castleberry
|
0-0: Foul Ball, location: 2F 0-1: Foul Ball, location: 2F 0-2: Foul Ball, location: 2F 0-2: Foul Ball, location: 2F 0-2: Ball 1-2: Ball 2-2: Fly out, F8 (Flyball, 8LS, EV 88.1 MPH)
|
|
Batting: RHB Jason Moss
|
0-0: Called Strike 0-1: DOUBLE (Line Drive, 7LS, EV 108.1 MPH)
|
|
Batting: RHB Bobby Scholl
|
0-0: Called Strike Jason Moss steals 3rd base 0-1: Ball 1-1: Ball 2-1: DOUBLE (Line Drive, 9LM, EV 105.0 MPH) Jason Moss scores
|
|
Batting: RHB Leo Navarro
|
0-0: Ball 1-0: Fly out, F4 (Popup, 34, EV 75.0 MPH)
|
|
Batting: SHB Dan Lash
|
0-0: Called Strike 0-1: Ball 1-1: Ball 2-1: Called Strike 2-2: Foul Ball, location: 2F 2-2: SINGLE (Line Drive, 8RS, EV 103.1 MPH) Bobby Scholl to third Runner from 3rd tries for Home, SAFE, throw by CF to home
|
|
Batting: RHB Roger Salazar
|
0-0: Ball 1-0: Fielders Choice at 2nd, 5-4 (Groundball, 5L, EV 86.9 MPH)
|
| Top of the 2nd over - 2 runs, 3 hits, 0 errors, 1 left on base; Chicago 2 - Toronto 0 |
| BOTTOM OF THE 2ND |
|
Toronto Blue Jays batting - Pitching for Chicago White Sox : RHP Tadatoki Yoshida
|
|
Batting: LHB Josh Stuck
|
0-0: Ball 1-0: Ball 2-0: Called Strike 2-1: Ball 3-1: Base on Balls
|
|
Batting: LHB Jesus Romero
|
0-0: Grounds into double play, 4-6-3 (Groundball, 4, EV 108.1 MPH)
|
|
Batting: LHB Jon Schick
|
0-0: SINGLE (Groundball, 3D, EV 104.4 MPH)
|
|
Batting: RHB Tommy Mize
|
0-0: 2-RUN HOME RUN (Flyball, 7D, EV 105.0 MPH), Distance : 414 ft
|
|
Batting: SHB Dylan Novakowski
|
0-0: Ball 1-0: Called Strike 1-1: SINGLE (Line Drive, 56, EV 98.1 MPH)
|
|
Batting: RHB Mike Strey
|
0-0: Called Strike 0-1: Foul Ball, location: 2F 0-2: Ball 1-2: Strikes out swinging
|
| Bottom of the 2nd over - 2 runs, 3 hits, 0 errors, 1 left on base; Chicago 2 - Toronto 2 |
| TOP OF THE 3RD |
|
Chicago White Sox batting - Pitching for Toronto Blue Jays : RHP Larry Legros
|
|
Batting: LHB Randy Rosenberry
|
0-0: Fly out, F4 (Line Drive, 4, EV 65.0 MPH)
|
|
Batting: LHB Jack Christie
|
0-0: Called Strike 0-1: Called Strike 0-2: Ground out 5-3 (Groundball, 56, EV 91.2 MPH)
|
|
Batting: LHB Juan Concepcion
|
0-0: Ball 1-0: Called Strike 1-1: Fly out, F8 (Line Drive, 8LD, EV 93.8 MPH)
|
| Top of the 3rd over - 0 runs, 0 hits, 0 errors, 0 left on base; Chicago 2 - Toronto 2 |
| BOTTOM OF THE 3RD |
|
Toronto Blue Jays batting - Pitching for Chicago White Sox : RHP Tadatoki Yoshida
|
|
Batting: RHB Danny Burnside
|
0-0: Called Strike 0-1: Ball 1-1: Called Strike 1-2: Ground out U3 (Groundball, 34, EV 97.5 MPH)
|
|
Batting: LHB Michael Byrd
|
0-0: Called Strike 0-1: Fly out, F8 (Flyball, 89D, EV 91.9 MPH)
|
|
Batting: LHB Jody Hudson
|
0-0: Ground out 4-3 (Groundball, 4, EV 76.2 MPH)
|
| Bottom of the 3rd over - 0 runs, 0 hits, 0 errors, 0 left on base; Chicago 2 - Toronto 2 |
| TOP OF THE 4TH |
|
Chicago White Sox batting - Pitching for Toronto Blue Jays : RHP Larry Legros
|
|
Batting: RHB Steve Castleberry
|
0-0: Called Strike 0-1: Swinging Strike 0-2: Foul Ball, location: 2F 0-2: Ball 1-2: Ball 2-2: Foul Ball, location: 2F 2-2: Ground out 5-3 (Groundball, 15, EV 77.5 MPH)
|
|
Pitching: RHP Doug Seliger
|
|
|
Batting: RHB Jason Moss
|
0-0: Ball 1-0: Called Strike 1-1: Swinging Strike 1-2: Ball 2-2: Ball 3-2: Strikes out looking
|
|
Batting: RHB Bobby Scholl
|
0-0: SINGLE (Line Drive, 9LS, EV 110.0 MPH)
|
|
Batting: RHB Leo Navarro
|
0-0: Ball 1-0: Ball 2-0: Called Strike 2-1: Fly out, F3 (Popup, 34S, EV 78.8 MPH)
|
| Top of the 4th over - 0 runs, 1 hit, 0 errors, 1 left on base; Chicago 2 - Toronto 2 |
| BOTTOM OF THE 4TH |
|
Toronto Blue Jays batting - Pitching for Chicago White Sox : RHP Tadatoki Yoshida
|
|
Batting: LHB Josh Stuck
|
0-0: Ball 1-0: SINGLE (Groundball, 34D, EV 108.1 MPH)
|
|
Batting: LHB Jesus Romero
|
0-0: Ball 1-0: Ball 2-0: Foul Ball, location: 2F 2-1: DOUBLE (Line Drive, 7LS, EV 88.8 MPH) Josh Stuck to third
|
|
Batting: LHB Jon Schick
|
0-0: Ball 1-0: Ball 2-0: DOUBLE (Line Drive, 78D, EV 104.4 MPH) Josh Stuck scores Jesus Romero scores
|
|
Batting: RHB Tommy Mize
|
0-0: Ball 1-0: Ball 2-0: Called Strike 2-1: Ground out U3 (Groundball, 34S, EV 88.1 MPH) Jon Schick to third
|
|
Batting: SHB Dylan Novakowski
|
0-0: Foul Ball, location: 2F 0-1: Ball 1-1: Ball 2-1: Ball 3-1: Swinging Strike 3-2: Foul Ball, location: 2F 3-2: Strikes out swinging
|
|
Batting: RHB Mike Strey
|
0-0: Ground out 4-3 (Groundball, 4, EV 79.4 MPH)
|
| Bottom of the 4th over - 2 runs, 3 hits, 0 errors, 1 left on base; Chicago 2 - Toronto 4 |
| TOP OF THE 5TH |
|
Chicago White Sox batting - Pitching for Toronto Blue Jays : RHP Doug Seliger
|
|
Batting: SHB Dan Lash
|
0-0: Hit by Pitch
|
|
Batting: RHB Roger Salazar
|
0-0: Foul Ball, location: 2F 0-1: SINGLE (Groundball, 4MD, EV 109.4 MPH) Dan Lash to second
|
|
Batting: LHB Randy Rosenberry
|
0-0: Grounds into double play, 6-4-3 (Groundball, 6, EV 98.8 MPH) Dan Lash to third
|
|
Batting: LHB Jack Christie
|
0-0: Ground out 4-3 (Groundball, 34, EV 78.8 MPH)
|
| Top of the 5th over - 0 runs, 1 hit, 0 errors, 1 left on base; Chicago 2 - Toronto 4 |
| BOTTOM OF THE 5TH |
|
Toronto Blue Jays batting - Pitching for Chicago White Sox : RHP Tadatoki Yoshida
|
|
Pitching: RHP Chris Rodgers
|
|
|
Batting: RHB Danny Burnside
|
0-0: Ground out U3 (Groundball, 34, EV 85.6 MPH)
|
|
Batting: LHB Michael Byrd
|
0-0: Ground out 6-3 (Groundball, 6M, EV 83.8 MPH)
|
|
Batting: LHB Jody Hudson
|
0-0: Called Strike 0-1: Ball 1-1: Ball 2-1: TRIPLE (Flyball, 7LD, EV 105.0 MPH)
|
|
Batting: LHB Josh Stuck
|
0-0: Ball 1-0: Ball 2-0: Ground out U3 (Groundball, 3S, EV 65.6 MPH)
|
| Bottom of the 5th over - 0 runs, 1 hit, 0 errors, 1 left on base; Chicago 2 - Toronto 4 |
| TOP OF THE 6TH |
|
Chicago White Sox batting - Pitching for Toronto Blue Jays : RHP Doug Seliger
|
|
Batting: LHB Juan Concepcion
|
0-0: Ground out 4-3 (Groundball, 34, EV 81.9 MPH)
|
|
Batting: RHB Steve Castleberry
|
0-0: Called Strike 0-1: Called Strike 0-2: Strikes out looking
|
|
Batting: RHB Jason Moss
|
0-0: Ball 1-0: Called Strike 1-1: Ball 2-1: Foul Ball, location: 2F 2-2: Ball 3-2: Ground out 6-3 (Groundball, 6, EV 78.1 MPH)
|
| Top of the 6th over - 0 runs, 0 hits, 0 errors, 0 left on base; Chicago 2 - Toronto 4 |
| BOTTOM OF THE 6TH |
|
Toronto Blue Jays batting - Pitching for Chicago White Sox : RHP Chris Rodgers
|
|
Batting: LHB Jesus Romero
|
0-0: Ball 1-0: Ground out 4-3 (Groundball, 4, EV 92.5 MPH)
|
|
Batting: LHB Jon Schick
|
0-0: Foul Ball, location: 2F 0-1: Called Strike 0-2: Strikes out swinging
|
|
Batting: RHB Tommy Mize
|
0-0: Fly out, F8 (Flyball, 8LM, EV 79.4 MPH)
|
| Bottom of the 6th over - 0 runs, 0 hits, 0 errors, 0 left on base; Chicago 2 - Toronto 4 |
| TOP OF THE 7TH |
|
Chicago White Sox batting - Pitching for Toronto Blue Jays : RHP Doug Seliger
|
|
Pitching: LHP Steve Taylor
|
|
|
Now in LF: Yoshinari Nara
|
|
|
Batting: RHB Bobby Scholl
|
0-0: Called Strike 0-1: Ball 1-1: Ball 2-1: Ball 3-1: Base on Balls
|
|
Batting: RHB Leo Navarro
|
0-0: Ball 1-0: Ball 2-0: Ball 3-0: Called Strike 3-1: Called Strike 3-2: Ground out U3 (Groundball, 3, EV 88.8 MPH) Bobby Scholl to second
|
|
Pinch Hitting: LHB Antonio Figueroa
|
0-0: Called Strike 0-1: Ball 1-1: Ball Wild Pitch! Bobby Scholl to third 2-1: Ball 3-1: Fly out, F7 (Flyball, 7LM, EV 91.2 MPH)
|
|
Batting: RHB Roger Salazar
|
0-0: Ground out 4-3 (Groundball, 4M, EV 85.0 MPH)
|
| Top of the 7th over - 0 runs, 0 hits, 0 errors, 1 left on base; Chicago 2 - Toronto 4 |
| BOTTOM OF THE 7TH |
|
Toronto Blue Jays batting - Pitching for Chicago White Sox : RHP Chris Rodgers
|
|
Pitching: RHP Kurt Vitta
|
|
|
Now at 2B: Roger Salazar
|
|
|
Now at 3B: Antonio Figueroa
|
|
|
Batting: SHB Dylan Novakowski
|
0-0: Ball 1-0: Ball 2-0: Ball 3-0: Foul Ball, location: 2F 3-1: Base on Balls
|
|
Batting: RHB Mike Strey
|
0-0: Ball 1-0: Fly out, F8 (Flyball, 8RXD, EV 101.2 MPH)
|
|
Batting: RHB Danny Burnside
|
0-0: Ball Wild Pitch! Dylan Novakowski to second 1-0: Called Strike 1-1: Called Strike 1-2: Fly out, F8 (Flyball, 8LM, EV 86.9 MPH)
|
|
Pinch Hitting: RHB Danny Heyer
|
0-0: Ball 1-0: Ball 2-0: Called Strike 2-1: Called Strike 2-2: Ball 3-2: Strikes out swinging
|
| Bottom of the 7th over - 0 runs, 0 hits, 0 errors, 1 left on base; Chicago 2 - Toronto 4 |
| TOP OF THE 8TH |
|
Chicago White Sox batting - Pitching for Toronto Blue Jays : LHP Steve Taylor
|
|
Now at SS: Danny Heyer
|
|
|
Batting: LHB Randy Rosenberry
|
0-0: Ball 1-0: Ball 2-0: Ball 3-0: Base on Balls
|
|
Pinch Hitting: RHB Jeff Brower
|
0-0: Swinging Strike 0-1: Foul Ball, location: 2F 0-2: Ball 1-2: Ball 2-2: Strikes out swinging
|
|
Pinch Hitting: LHB Sonny Flood
|
0-0: Ball 1-0: Foul Ball, location: 2F 1-1: Ball 2-1: Foul Ball, location: 2F 2-2: Foul Ball, location: 2F 2-2: Strikes out swinging
|
|
Pitching: RHP J.J. Thompson
|
|
|
Batting: SHB Cesar Herrera
|
0-0: Ball 1-0: Ball 2-0: Ball 3-0: Called Strike 3-1: Foul Ball, location: 2F 3-2: Fly out, F7 (Line Drive, 7S, EV 101.2 MPH)
|
| Top of the 8th over - 0 runs, 0 hits, 0 errors, 1 left on base; Chicago 2 - Toronto 4 |
| BOTTOM OF THE 8TH |
|
Toronto Blue Jays batting - Pitching for Chicago White Sox : RHP Kurt Vitta
|
|
Now at 1B: Jeff Brower
|
|
|
Now in LF: Sonny Flood
|
|
|
Pinch Hitting: LHB Sam Dowdy
|
0-0: Ball 1-0: Called Strike 1-1: Ball 2-1: Fly out, F7 (Flyball, 7LD, EV 87.5 MPH)
|
|
Batting: LHB Yoshinari Nara
|
0-0: Called Strike 0-1: Ball 1-1: Called Strike 1-2: Strikes out looking
|
|
Batting: RHB Kirk Arp
|
0-0: Ball 1-0: Ball 2-0: Ball 3-0: Called Strike 3-1: Fly out, F8 (Flyball, 8LS, EV 89.4 MPH)
|
| Bottom of the 8th over - 0 runs, 0 hits, 0 errors, 0 left on base; Chicago 2 - Toronto 4 |
| TOP OF THE 9TH |
|
Chicago White Sox batting - Pitching for Toronto Blue Jays : RHP J.J. Thompson
|
|
Now at 1B: Sam Dowdy
|
|
|
Pinch Hitting: LHB Brian Feher
|
0-0: Ground out 4-3 (Groundball, 34D, EV 98.8 MPH)
|
|
Pinch Hitting: RHB Rocky Campbell
|
0-0: Called Strike 0-1: Called Strike 0-2: Ball 1-2: Strikes out swinging
|
|
Pinch Hitting: RHB Darwin Mills
|
0-0: Called Strike 0-1: Foul Ball, location: 2F 0-2: Strikes out swinging
|
| Top of the 9th over - 0 runs, 0 hits, 0 errors, 0 left on base; Chicago 2 - Toronto 4 |
|